 Dungeon Crawl Stone Soup version 0.22-a0-247-gbddf880 (webtiles) character file.

136 Gorglomux the Skirmisher (level 4, -5/40 HPs)
             Began as a Minotaur Warper on Feb 26, 2018.
             Killed by nerve-wracking pain
             ... invoked by Enish's ghost
              (8 damage)
             ... on level 3 of the Dungeon.
             The game lasted 00:01:46 (1894 turns).

Gorglomux the Skirmisher (Minotaur Warper)          Turns: 1894, Time: 00:01:47

Health: -5/40      AC:  3    Str: 21    XL:     4   Next: 98%
Magic:  5/5        EV: 17    Int: 10    God:
Gold:   45         SH:  3    Dex: 10    Spells: 5/5 levels left

rFire    . . .     SeeInvis .   G - +3 hand axe (elec)
rCold    . . .     Gourm    .   I - +0 buckler
rNeg     . . .     Faith    .   b - +0 leather armour
rPois    .         Spirit   .   (helmet restricted)
rElec    .         Reflect  .   (no cloak)
rCorr    .         Harm     .   (no gloves)
MR       .....                  (no boots)
Stlth    +.........             (no amulet)
HPRegen  0.13/turn              M - +6 ring of evasion
MPRegen  0.09/turn              (no ring)

@: mighty
A: retaliatory headbutt, horns 2
a: no special abilities


You were on level 3 of the Dungeon.
You were not hungry.

You visited 1 branch of the dungeon, and saw 3 of its levels.

You collected 45 gold pieces.

Inventory:

Hand Weapons
 G - a +3 hand axe of electrocution (weapon)
Missiles
 K - 4 steel javelins (quivered)
Armour
 b - a +0 leather armour (worn)
 I - a +0 buckler (worn)
Jewellery
 M - a +6 ring of evasion (left hand)
Scrolls
 B - a scroll of blinking
 C - 2 scrolls of remove curse
 F - a scroll of immolation {unknown}
 L - 2 scrolls of enchant weapon
 N - a scroll of random uselessness {unknown}
 P - a scroll of teleportation {unknown}
 R - 2 scrolls of identify
Potions
 H - a potion of agility
Comestibles
 c - a ration
 S - 4 chunks of flesh


   Skills:
 + Level 3.9 Fighting
 + Level 3.8 Axes
 - Level 1.0 Throwing
 + Level 3.3 Armour
 - Level 2.1 Dodging
 + Level 1.8 Shields
 - Level 1.3 Spellcasting
   Level 2.1 Translocations


You had 5 spell levels left.
You didn't know any spells.

Dungeon Overview and Level Annotations

Branches:
Dungeon (3/15)

Altars:

Annotations:
D:3 Enish's ghost, amateur GnNe


Innate Abilities, Weirdness & Mutations

You reflexively headbutt those who attack you in melee.
You have a pair of horns on your head.


Message History

Enish's ghost is butt-ly damaged!
Enish's ghost is butt with unholy energy!
Enish'butts ghost draws life force from you and is healed!!!
You barely miss Enish's ghost!
Enish's ghost is heavily damaged!
Enish's ghost hits you!!! * * * don't die
* * * Enish's ghost misses you!
Butt are too injured to fight recklessly!!!
You are too butt to fight recklessly!!!
You carve Enish's ghost like a ham! You headbutt Enish's ghost!
Enish's ghost is severely butt!
Enish's ghost hits you!!! * * * don't die
* * * You aren't carrying any items that you can evoke!
Unknown command!
You feel very mighty all of a sudden! Enish's ghost casts a spell at you!
Pain shoots through your body!!! rip

..
#.###################
##............@W..(.(#
.........###########(#
.########...# ..#
........)...# ..#
.....###....# ...
.....'.#....# W...
.....#.#....... .....
..####.#.....#..
.g..(.
................


You could see Enish's ghost.

Vanquished Creatures
  5 adders (D:2)
  A gnoll (D:1)
  An ooze (D:2)
  A worm (D:2)
  2 dart slugs (D:1)
  2 leopard geckos
  2 orcs
  2 ball pythons (D:2)
  9 bats
  4 giant cockroaches
  7 goblins
  5 hobgoblins
  5 jackals (D:2)
  4 frilled lizards
  8 kobolds
  6 rats
64 creatures vanquished.

Notes
Turn   | Place    | Note
-------+----------+-------------------------------------------
     0 | D:1      | Gorglomux the Minotaur Warper began the quest for the Orb.
     0 | D:1      | Reached XP level 1. HP: 18/18 MP: 1/1
    57 | D:1      | Reached XP level 2. HP: 2/25 MP: 3/3
   418 | D:1      | Reached skill level 3 in Fighting
   418 | D:1      | Reached skill level 3 in Axes
   521 | D:1      | Reached XP level 3. HP: 29/31 MP: 4/4
  1152 | D:2      | Reached skill level 1 in Shields
  1283 | D:2      | Reached XP level 4. HP: 38/38 MP: 5/5
  1388 | D:2      | Reached skill level 3 in Armour
  1880 | D:3      | Noticed Enish's ghost (amateur GnNe)
  1894 | D:3      | Killed from afar by Enish's ghost

Vault maps used:
D:1:      minmay_arrival_three_doors, hangedman_abyss_or_decor_lesser_grid
D:3:      lemuel_doored_altar

Skill      XL: |  1  2  3  4 |
---------------+-------------+-----
Armour         | 2 3 |  3.3
Fighting       | 3 |  3.9
Axes           | 3 |  3.8
Shields        | 1 |  1.8
Throwing       | |  1.0
Dodging        | |  2.1
Spellcasting   | |  1.3
Translocations | |  2.1

Action                   |  1- 3 |  4- 6 || total
-------------------------+-------+-------++-------
Melee: Hand axe          |    69 |    53 ||   122
       Headbutt          |    10 |     5 ||    15
Throw: Tomahawk          |     5 |       ||     5
       Javelin           |       |     3 ||     3
  Use: Scroll            |       |     4 ||     4
       Potion            |       |     1 ||     1
  Eat: Chunk             |     1 |     2 ||     3
Armor: Leather armour    |    22 |     4 ||    26
Dodge: Dodged            |    48 |    31 ||    79
Block: Buckler           |     7 |     4 ||    11

Table legend:
 A = Spawn XP
 B = Non-spawn XP
 C = Spawn XP percentage of total XP
 D = Spawn monster count
 E = Non-spawn monster count
 F = Spawn count percentage of total count
 G = Total turns spent on level
                    A         B        C        D         E        F      G
               +---------+---------+-------+---------+---------+-------+---------
         Total |       0 |     195 |   0.0 |       0 |      64 |   0.0 |  1894
               +---------+---------+-------+---------+---------+-------+---------
           D:1 |       0 |      54 |   0.0 |       0 |      22 |   0.0 |  1044
           D:2 |       0 |     129 |   0.0 |       0 |      36 |   0.0 |   715
           D:3 |       0 |      12 |   0.0 |       0 |       6 |   0.0 |   135
               +---------+---------+-------+---------+---------+-------+---------
